 Dungeon Crawl Stone Soup version 0.29-a0-352-g0917bc69df (webtiles) character file.

Game seed: 4655777644265131127

25 greenreed the Ducker (level 3, -3/35 HPs)
             Began as a Gnoll Monk on Apr 23, 2022.
             Slain by Sigmund
             ... wielding a +4 vorpal scythe
              (14 damage)
             ... on level 2 of the Dungeon.
             The game lasted 00:02:48 (1371 turns).

greenreed the Ducker (Gnoll Monk)                   Turns: 1371, Time: 00:02:49

Health: -3/35      AC:  3    Str: 12    XL:     3   Next: 6%
Magic:  3/3        EV: 15    Int:  9    God:
Gold:   46         SH:  0    Dex: 14    Spells: 3/3 levels left

rFire   . . .      SeeInvis .   a - +0 mace
rCold   . . .      Faith    .   (no shield)
rNeg    . . .      Spirit   .   b - +0 robe
rPois   .          Reflect  .   (no helmet)
rElec   .          Harm     .   (no cloak)
rCorr   .          Rampage  .   f - +0 pair of gloves
Will    .....                   (no boots)
Stlth   +++.......              (no amulet)
HPRegen 0.11/turn               (no ring)
MPRegen 0.08/turn               (no ring)

@: no status effects
A: fangs 1, strong nose, distributed training
a: no special abilities


You were on level 2 of the Dungeon.
You visited 1 branch of the dungeon, and saw 2 of its levels.

You collected 46 gold pieces.

Inventory:

Hand Weapons
 a - a +0 mace (weapon)
Armour
 b - a +0 robe (worn)
 f - a +0 pair of gloves (worn)
Magical Staves
 h - a staff of conjuration
Jewellery
 g - a ring of protection from cold
Scrolls
 d - 3 scrolls of identify {unknown}
 e - a scroll of noise {unknown}
 k - a scroll of enchant weapon {unknown}
Potions
 c - a potion of ambrosia


   Skills:
 + Level 6.5 Fighting
 + Level 0.6 Short Blades
 + Level 0.6 Long Blades
 + Level 0.6 Axes
 + Level 6.5 Maces & Flails
 + Level 0.6 Polearms
 + Level 0.6 Staves
 + Level 0.6 Slings
 + Level 0.6 Bows
 + Level 0.6 Crossbows
 + Level 0.6 Throwing
 + Level 0.6 Armour
 + Level 6.5 Dodging
 + Level 4.1 Stealth
 + Level 0.6 Shields
 + Level 0.6 Unarmed Combat
 + Level 0.6 Spellcasting
 + Level 0.4 Conjurations
 + Level 0.4 Hexes
 + Level 0.4 Summonings
 + Level 0.4 Necromancy
 + Level 0.4 Translocations
 + Level 0.4 Transmutations
 + Level 0.4 Fire Magic
 + Level 0.4 Ice Magic
 + Level 0.4 Air Magic
 + Level 0.4 Earth Magic
 + Level 0.4 Poison Magic
 + Level 0.8 Invocations
 + Level 0.6 Evocations


You had 3 spell levels left.
You didn't know any spells.
Your spell library was empty.

Dungeon Overview and Level Annotations

Branches:
Dungeon (2/15)

Altars:

Annotations:
D:2 Sigmund


Innate Abilities, Weirdness & Mutations

You have very sharp teeth.
Your uncanny sense of smell can sniff out nearby items.
Your experience applies equally to all skills.


Message History

You hit the bat but do no damage. The bat closely misses you.
You barely miss the bat. The bat completely misses you.
The bat hits you but does no damage.
You closely miss the bat. The bat closely misses you.
You barely miss the bat. The bat misses you.
You sock the bat!
You kill the bat!
No target in view!
Sigmund is nearby!
You don't know any spells.
Sorry, you're not good enough to have a special ability.
It was a potion of heal wounds.
You feel much better.
It was a potion of curing.
You feel better. Sigmund closely misses you.
Sigmund hits you with a +4 vorpal scythe!
You sock Sigmund!
Sigmund is moderately wounded.
You hit Sigmund.
Sigmund is moderately wounded.
Sigmund closely misses you.
You hit Sigmund.
Sigmund is heavily wounded.
Sigmund hits you with a +4 vorpal scythe.
You barely miss Sigmund.
Sigmund is heavily wounded.
You barely miss Sigmund. Your bite misses Sigmund.
Sigmund is heavily wounded.
Sigmund barely misses you.
You hit Sigmund.
Sigmund is severely wounded.
Sigmund hits you with a +4 vorpal scythe.
You hit Sigmund.
Sigmund is almost dead.
You closely miss Sigmund.
Sigmund is almost dead.
Sigmund barely misses you.
You barely miss Sigmund.
Sigmund is almost dead.
Sigmund hits you with a +4 vorpal scythe!
You die...

##.............#
.#..#.#.........###
...................
....##.<...#.......
#.........<.......
#...$.....#.......
##.........#.......
#..................
........@.).........
.......@...#.......
...................
#..........##......
#..........# ∆#
###...........
##..............
#....<...#.......
#........#


You could see Sigmund.

Vanquished Creatures
  A dart slug (D:1)
  3 ball pythons (D:1)
  5 endoplasms (D:1)
  3 goblins (D:1)
  5 hobgoblins (D:1)
  A bat (D:2)
  A frilled lizard (D:1)
  2 rats
21 creatures vanquished.

Notes
Turn   | Place    | Note
-------+----------+-------------------------------------------
     0 | D:1      | greenreed the Gnoll Monk began the quest for the Orb.
     0 | D:1      | Reached XP level 1. HP: 23/23 MP: 1/1
   119 | D:1      | Reached XP level 2. HP: 28/29 MP: 2/2
  1154 | D:1      | Reached XP level 3. HP: 35/35 MP: 3/3
  1239 | D:2      | Noticed Sigmund
  1371 | D:2      | Slain by Sigmund

Illustrated notes

Levels and vault maps discovered:
D:1:      beargit_arrival_greenhouse, layout_basic
D:2:      layout_rooms, serial_shops, nicolae_shop_advertising_works
          [nicolae_subvault_shop_adworks], minmay_box_of_dots, uniq_terence,
          uniq_sigmund

Action                   || total
-------------------------++-------
Melee: Mace              ||    84
       Bite              ||     6
       Punch             ||     1
  Use: Potion            ||     2
 Stab: Sleeping          ||     6
Armor: Robe              ||     9
Dodge: Dodged            ||    51

Table legend: (Time is in decaauts)
 A = Elapsed time spent in this place.
 B = Non-inter-level travel time spent in this place.
 C = Inter-level travel time spent in this place.
 D = Time resting spent in this place.
 E = Time spent auto-exploring this place.
 F = Levels seen in this place.
 G = Mean time per level.
                   A        B        C        D        E       F      G
               +--------+--------+--------+--------+--------+-----+--------+
         Total |   1379 |   1275 |    104 |      0 |   1035 |   2 |  689.5 |
       Dungeon |   1379 |   1275 |    104 |      0 |   1035 |   2 |  689.5 |
               +--------+--------+--------+--------+--------+-----+--------+

Top non-repeatable levels by time:
     D:1: 1343 daAuts
     D:2: 36 daAuts
